 Dungeon Crawl Stone Soup version 0.31-a0-441-g867994ef1c (webtiles) character file.

Game seed: 18401079528612658895

1172 jasper the Changeling (level 7, -1/52 HPs)
             Began as a Demigod Shapeshifter on Aug 1, 2023.
             Killed from afar by an acid dragon (22 damage)
             ... with a splash of acid
             ... on level 8 of the Dungeon on Aug 2, 2023.
             The game lasted 00:12:09 (4840 turns).

jasper the Changeling (Demigod Shapeshifter)        Turns: 4840, Time: 00:12:10

Health: -1/52      AC:  3    Str: 18    XL:     7   Next: 97%
Magic:  9/9        EV: 10    Int: 10    God:
Gold:   361        SH:  0    Dex: 22    Spells: 6/6 levels left

rFire   . . .        g - +10 spear of Qinulam {freeze, Str+2}
rCold   . . .        (no shield)
rNeg    . . .        j - +1 scale mail
rPois   .            (helmet currently unavailable)
rElec   .            (cloak currently unavailable)
rCorr   .            (gloves currently unavailable)
SInv    .            (boots currently unavailable)
Will    +....        (no amulet) Stlth
                     b - ring of willpower
HPRegen 0.28/turn    (no ring)
MPRegen 0.11/turn

%: no passive effects
@: mighty, beast-form, corroded
A: beast (slay +5), high MP 1, forlorn, divine attributes
a: Begin Untransformation


You were on level 8 of the Dungeon.
You were a hulking beast.
You visited 1 branch of the dungeon, and saw 8 of its levels.

You collected 361 gold pieces.

Inventory:

Hand Weapons
 g - the +10 spear of Qinulam (weapon) {freeze, Str+2}
   (You found it on level 3 of the Dungeon)

   Str:       It affects your strength (+2).
 h - the +5 whip of the Secret Places {pain, rC- Will+ Int+7 Dex+3}
   (You found it on level 3 of the Dungeon)

   Int:       It affects your intelligence (+7).
   Dex:       It affects your dexterity (+3).
   rC:        It makes you vulnerable to cold.
   Will:      It increases your willpower.
Missiles
 n - 6 stones
Armour
 a - a +0 animal skin
 j - a +1 scale mail (worn)
 r - a +0 pair of gloves
Jewellery
 b - a ring of willpower (left hand)
 o - a +6 ring of intelligence
 s - a ring of wizardry
Talismans
 c - a beast talisman (active)
Wands
 i - a wand of flame (13)
 t - a wand of roots (11)
Scrolls
 k - a scroll of amnesia
 l - a scroll of teleportation
 q - 3 scrolls of identify
 u - a scroll of fear
Potions
 d - 3 potions of enlightenment
 e - 4 potions of curing
 m - a potion of attraction


   Skills:
 - Level 1.4 Fighting
 - Level 2.1 Dodging
 - Level 3.2 Unarmed Combat
 + Level 7.7 Shapeshifting


You had 6 spell levels left.
You didn't know any spells.
Your spell library was empty.

Dungeon Overview and Level Annotations

Branches:
Dungeon (8/15)
 Temple: D:4-7         Lair: D:8-11

Annotations:
D:2 Robin
D:3 3 runed translucent doors, Crazy Yiuf


Innate Abilities, Weirdness & Mutations

You are a hulking beast.
Your limbs bulge with bestial killing power. (Slay +5)
You have an increased reservoir of magic. (+10% MP)
You shall have no god before yourself.
Your divine heritage dramatically boosts your attributes as you level up.


Message History

The bullfrog barely misses you. The bullfrog closely misses you.
You puncture the bullfrog! You freeze the bullfrog.
The bullfrog is severely wounded.
The bullfrog barely misses you.
You hit the bullfrog.
The bullfrog seems to slow down.
You freeze the bullfrog.
The bullfrog is almost dead.
The bullfrog hits you!
You take 7 damage, and have 45/52 hp.
You puncture the bullfrog! You freeze the bullfrog.
You kill the bullfrog!
You hear the creaking of a portcullis very nearby.
An acid dragon comes into view.
The acid dragon bites you but does no damage.
The acid dragon claws you.
You regained 5 hp, and now have 50/52 hp.
You puncture the acid dragon! You freeze the acid dragon.
The acid dragon is moderately wounded.
The acid dragon spits acid at you. The splash of acid hits you!
The acid corrodes you!
You hear a shout! x2; You hear a loud, deep croak!
You take 16 damage, and have 34/52 hp.
MASSIVE DAMAGE!!
You hit the acid dragon. You freeze the acid dragon.
The acid dragon is heavily wounded.
The acid dragon bites you! The acid dragon closely misses you.
The acid dragon bites you!
* * * LOW HITPOINT WARNING * * *
The acid dragon claws you but does no damage.
You take 21 damage, and have 13/52 hp.
MASSIVE DAMAGE!!
You feel better. The acid dragon barely misses you. x2
A killer bee comes into view.
You regained 11 hp, and now have 24/52 hp.
The acid dragon attacks as you move away!
The acid dragon closely misses you. The acid dragon claws you.
The killer bee buzzes angrily.
A bullfrog comes into view.
You take 4 damage, and have 20/52 hp.
You feel very mighty all of a sudden. The acid dragon spits acid at you.
The splash of acid hits you!!
You die...

.###### .#
.......######.# ..#
########D..y...#...#
.......h########...#
...................#
####.......#....##.#
.....##.####.......#
##......# ##....#####
#.F.....# #....###...
#...#..#####.........
... #..###...........
.#.#.#...........


You could see an acid dragon (catching breath), a bullfrog and a killer bee.

Vanquished Creatures
  An ice beast (D:6)
  2 centaurs
  4 phantoms
  2 bullfrogs
  2 scorpions
  A killer bee (D:6)
  A jelly (D:4)
  An orc priest (D:5)
  A hound (D:4)
  2 iguanas (D:4)
  An orc wizard (D:6)
  A gnoll (D:1)
  5 adders
  A white imp (D:5)
  An ufetubus (D:5)
  2 dart slugs
  A worm (D:4)
  17 orcs
  8 bats
  3 endoplasms
  8 goblins
  6 hobgoblins
  7 jackals
  3 quokkas
  2 ball pythons
  A frilled lizard (D:1)
  4 kobolds
  4 rats (D:1)
92 creatures vanquished.

Notes
Turn   | Place    | Note
-------+----------+-------------------------------------------
     0 | D:1      | jasper the Demigod Shapeshifter began the quest for the
                  | Orb.
     0 | D:1      | Reached XP level 1. HP: 15/15 MP: 3/3
    40 | D:1      | Reached skill level 1 in Fighting
   226 | D:1      | Reached XP level 2. HP: 23/23 MP: 4/4
   546 | D:1      | Reached XP level 3. HP: 27/28 MP: 5/5
   831 | D:1      | Reached skill level 3 in Shapeshifting
   884 | D:2      | Noticed Robin
   945 | D:3      | Identified the +10 spear of Qinulam {freeze, Str+2}
   981 | D:3      | Identified the +5 whip of the Secret Places {pain, rC-
                  | Will+ Int+7 Dex+3}
  1359 | D:3      | Found a large runed translucent door.
  1360 | D:3      | Found a large runed translucent door.
  1426 | D:3      | Reached XP level 4. HP: 15/35 MP: 6/6
  1556 | D:3      | Found a runed translucent door.
  1557 | D:3      | Noticed Crazy Yiuf
  1701 | D:4      | Noticed a phantom
  1714 | D:4      | Killed a phantom
  1715 | D:4      | Reached skill level 4 in Shapeshifting
  1715 | D:4      | Reached XP level 5. HP: 22/40 MP: 7/7
  1715 | D:4      | Upgraded the game from 0.31-a0-435-g2c6fae2916 to
                  | 0.31-a0-441-g867994ef1c
  2326 | D:4      | Reached skill level 5 in Shapeshifting
  2361 | D:4      | Reached XP level 6. HP: 34/47 MP: 8/8
  2695 | D:4      | Identified the +0 robe of the King of the Hill {+Blink Fly
                  | Int-2}
  2945 | D:5      | Entered Level 5 of the Dungeon
  3029 | D:5      | Reached skill level 6 in Shapeshifting
  3588 | D:6      | Reached XP level 7. HP: 52/52 MP: 9/9
  4026 | D:6      | Identified the +4 long sword "Jaliq" {freeze, +Blink rElec
                  | Dex-3 SInv}
  4236 | D:6      | Reached skill level 7 in Shapeshifting
  4840 | D:8      | Killed from afar by an acid dragon

Illustrated notes

Levels and vault maps discovered:
D:1:      wander_arrival_desolate, layout_basic
D:2:      layout_rooms, serial_corexii_hall, chequers_hall_statues_wall_a,
          corexii_hall_statues_deadend, corexii_hall_statues_s,
          chequers_hall_statues_wall_a, minmay_hexomino_c4, uniq_sigmund,
          uniq_robin
D:3:      layout_rooms, nicolae_overflow_squiral, jmf_multi_god_temple2,
          hellmonk_ecumenical_altar_leap_of_faith, uniq_crazy_yiuf_cottage
D:4:      layout_basic
D:5:      layout_loops_ring, mainiacjoe_overflow_tiny_flanked
D:6:      layout_basic
D:7:      layout_rooms, minmay_temple_entry_ruins, serial_co_window_serial,
          co_window_paths_a, co_window_paths_a, co_window_paths_b,
          co_window_paths_b, co_window_corner_a, co_window_paths_c,
          co_window_paths_c, co_window_cross_3, co_window_corner_ca,
          co_window_corner_b, co_window_broadway_b, co_window_4corner_a,
          co_window_paths_e, glass_columns_b, glass_columns_a, glass_columns_a
D:8:      minmay_distorted_concentric_squares, layout_cave_pools,
          enter_bailey_5, uniq_amaemon, uniq_psyche, uniq_pikel

Skill      XL: |  1  2  3  4  5  6  7 |
---------------+----------------------+-----
Fighting       | 1 |  1.4
Dodging        | 2 |  2.1
Unarmed Combat | 3 |  3.2
Shapeshifting  | 3 4 5 6 7 |  7.7

Action                     |  1- 3 |  4- 6 |  7- 9 || total
---------------------------+-------+-------+-------++-------
  Melee: Unarmed           |    63 |       |       ||    63
         Punch             |     3 |     3 |     2 ||     8
         Spear             |    23 |    96 |    47 ||   166
    Use: Potion            |     1 |       |     2 ||     3
         Scroll            |       |     7 |     4 ||    11
   Stab: Sleeping          |     2 |       |       ||     2
 Armour: Animal skin       |    30 |     3 |       ||    33
         Scale mail        |       |    21 |    19 ||    40
  Dodge: Dodged            |    73 |    36 |    25 ||   134

Table legend: (Time is in decaauts)
 A = Elapsed time spent in this place.
 B = Non-inter-level travel time spent in this place.
 C = Inter-level travel time spent in this place.
 D = Time resting spent in this place.
 E = Time spent auto-exploring this place.
 F = Levels seen in this place.
 G = Mean time per level.
                   A        B        C        D        E       F      G
               +--------+--------+--------+--------+--------+-----+--------+
         Total |   4851 |   4558 |    293 |    850 |   2962 |   8 |  606.4 |
       Dungeon |   4851 |   4558 |    293 |    850 |   2962 |   8 |  606.4 |
               +--------+--------+--------+--------+--------+-----+--------+

Top non-repeatable levels by time:
     D:4: 1373 daAuts
     D:1: 910 daAuts
     D:6: 903 daAuts
     D:3: 772 daAuts
     D:5: 445 daAuts
     D:7: 275 daAuts
     D:8: 156 daAuts
     D:2: 14 daAuts
